3AAA
HOUSTON BC @ HIALEAH DODOS
08/28/2024
 
TOP OF THE 1ST
Houston BC batting - Pitching for Hialeah Dodos : LHP Travis Grant
Pitching: LHP Travis Grant
Batting: RHB Habbo Allaart 0-0: Ball
1-0: Called Strike
1-1: Ball
2-1: Ball
3-1: Foul Ball, location: 2F
3-2: Strikes out swinging
Batting: RHB Jorge Quezada 0-0: Ball
1-0: Swinging Strike
1-1: Swinging Strike
1-2: Ball
2-2: Foul Ball, location: 2F
2-2: Ball
3-2: SINGLE (Groundball, 56D)
Batting: RHB Craig Stewart 0-0: Ball
1-0: Foul Ball, location: 2F
1-1: Ball
2-1: Foul Ball, location: 2F
2-2: Ball
3-2: Strikes out swinging
Batting: RHB Albert Delgado 0-0: Called Strike
0-1: Called Strike
0-2: Fly out, F7 (Flyball, 78M)
Top of the 1st over - 0 run(s), 1 hit(s), 0 error(s), 1 left on base; Houston 0 - Hialeah 0
BOTTOM OF THE 1ST
Hialeah Dodos batting - Pitching for Houston BC : RHP Shawn Williams
Pitching: RHP Shawn Williams
Batting: RHB Diego Bonilla 0-0: Called Strike
0-1: Swinging Strike
0-2: Ball
1-2: Strikes out swinging
Batting: LHB Alfonso Núñez 0-0: Foul Ball, location: 2F
0-1: Ball
1-1: Foul Ball, location: 2F
1-2: Foul Ball, location: 2F
1-2: Foul Ball, location: 2F
1-2: Ground out 4-3 (Groundball, 4M)
Batting: LHB Jeff Rutherford 0-0: Called Strike
0-1: Foul Ball, location: 2F
0-2: Ground out 4-3 (Groundball, 4)
Bottom of the 1st over - 0 run(s), 0 hit(s), 0 error(s), 0 left on base; Houston 0 - Hialeah 0
TOP OF THE 2ND
Houston BC batting - Pitching for Hialeah Dodos : LHP Travis Grant
Batting: RHB Alfredo Rivera 0-0: Called Strike
0-1: Fly out, F4 (Popup, 4M)
Batting: RHB Marvin Hayes 0-0: Ball
1-0: Ground out 6-3 (Groundball, 6M)
Batting: RHB Dennis Morrow 0-0: Foul Ball, location: 2F
0-1: Swinging Strike
0-2: Fly out, F8 (Popup, 8LS)
Top of the 2nd over - 0 run(s), 0 hit(s), 0 error(s), 0 left on base; Houston 0 - Hialeah 0
BOTTOM OF THE 2ND
Hialeah Dodos batting - Pitching for Houston BC : RHP Shawn Williams
Batting: RHB Alexis Smeddon 0-0: Ball
1-0: Ball
2-0: Ball
3-0: Called Strike
3-1: Foul Ball, location: 2F
3-2: Base on Balls
Batting: LHB Raúl Aguirre 0-0: Fly out, F8 (Flyball, 8RM)
Batting: LHB Perry Bothof 0-0: Ball
1-0: Ball
2-0: Grounds out, U3 (Groundball, 3L)
Batting: LHB Álex Burgos 0-0: Ground out U3 (Groundball, 3)
Bottom of the 2nd over - 0 run(s), 0 hit(s), 0 error(s), 1 left on base; Houston 0 - Hialeah 0
TOP OF THE 3RD
Houston BC batting - Pitching for Hialeah Dodos : LHP Travis Grant
Batting: RHB León Cabrera 0-0: Called Strike
0-1: Ball
1-1: Foul Ball, location: 2F
1-2: Ball
2-2: Strikes out swinging
Batting: LHB Manuel García 0-0: Swinging Strike
0-1: Ball
1-1: Ball
2-1: Ball
3-1: Ground out 6-3 (Groundball, 6M)
Batting: RHB Habbo Allaart 0-0: Ground out 4-3 (Groundball, 4)
Top of the 3rd over - 0 run(s), 0 hit(s), 0 error(s), 0 left on base; Houston 0 - Hialeah 0
BOTTOM OF THE 3RD
Hialeah Dodos batting - Pitching for Houston BC : RHP Shawn Williams
Batting: RHB Javier Santos 0-0: Swinging Strike
0-1: Ball
1-1: Fly out, F7 (Line Drive, 78M)
Batting: RHB Vincente Rotham 0-0: SINGLE (Line Drive, 9LS)
Batting: RHB Diego Bonilla 0-0: Foul Ball, location: 2F
0-1: Foul Ball, location: 2F
0-2: Ball
1-2: DOUBLE (Line Drive, 4M)
Vincente Rotham to third
Batting: LHB Alfonso Núñez 0-0: Called Strike
0-1: Ball
1-1: Ball
2-1: Ball
3-1: Called Strike
3-2: Foul Ball, location: 2F
3-2: Base on Balls
Batting: LHB Jeff Rutherford 0-0: Called Strike
0-1: Called Strike
0-2: Ball
1-2: Foul Ball, location: 2F
1-2: Ball
2-2: Ball
3-2: DOUBLE (Line Drive, 9D)
Vincente Rotham scores
Diego Bonilla scores
Alfonso Núñez to third
Batting: RHB Alexis Smeddon 0-0: Ball
1-0: Called Strike
1-1: Ball
2-1: Ball
3-1: Swinging Strike
3-2: Base on Balls
Batting: LHB Raúl Aguirre 0-0: Called Strike
0-1: Fly out, F7 (Popup, 6D)
Batting: LHB Perry Bothof 0-0: Ball
1-0: Ball
2-0: Ball
3-0: Foul Ball, location: 2F
3-1: Base on Balls
Alfonso Núñez scores
Jeff Rutherford to third
Alexis Smeddon to second
Batting: LHB Álex Burgos 0-0: Ball
1-0: Called Strike
1-1: Swinging Strike
1-2: Fly out, F9 (Flyball, 89M)
Bottom of the 3rd over - 3 run(s), 3 hit(s), 0 error(s), 3 left on base; Houston 0 - Hialeah 3
TOP OF THE 4TH
Houston BC batting - Pitching for Hialeah Dodos : LHP Travis Grant
Batting: RHB Jorge Quezada 0-0: Foul Ball, location: 2F
0-1: Swinging Strike
0-2: Ball
1-2: Foul Ball, location: 2F
1-2: Ball
2-2: Ball
3-2: Fly out, F3 (Popup, 34)
Batting: RHB Craig Stewart 0-0: Ball
1-0: Swinging Strike
1-1: Called Strike
1-2: Strikes out swinging
Batting: RHB Albert Delgado 0-0: Fly out, F6 (Popup, 6S)
Top of the 4th over - 0 run(s), 0 hit(s), 0 error(s), 0 left on base; Houston 0 - Hialeah 3
BOTTOM OF THE 4TH
Hialeah Dodos batting - Pitching for Houston BC : RHP Shawn Williams
Batting: RHB Javier Santos 0-0: Swinging Strike
0-1: Foul Ball, location: 2F
0-2: Ball
1-2: Foul Ball, location: 2F
1-2: Ball
2-2: Ball
3-2: Foul Ball, location: 2F
3-2: Strikes out swinging
Batting: RHB Vincente Rotham 0-0: Ball
1-0: Ball
2-0: Swinging Strike
2-1: Ball
3-1: Called Strike
3-2: Foul Ball, location: 2F
3-2: Foul Ball, location: 2F
3-2: Base on Balls
Batting: RHB Diego Bonilla 0-0: Called Strike
0-1: Called Strike
0-2: Ball
1-2: Strikes out swinging
Batting: LHB Alfonso Núñez 0-0: Ball
1-0: Ball
Passed Ball!
Vincente Rotham to second
2-0: Ball
3-0: Called Strike
3-1: Swinging Strike
3-2: Base on Balls
Batting: LHB Jeff Rutherford 0-0: Ball
1-0: Foul Ball, location: 2F
1-1: Ball
2-1: Ball
3-1: Foul Ball, location: 2F
3-2: Base on Balls
Vincente Rotham to third
Alfonso Núñez to second
Batting: RHB Alexis Smeddon 0-0: Foul Ball, location: 2F
0-1: Hit by Pitch
Vincente Rotham scores
Alfonso Núñez to third
Jeff Rutherford to second
Batting: LHB Raúl Aguirre 0-0: Called Strike
0-1: Fly out, F5 (Popup, 5SF)
Bottom of the 4th over - 1 run(s), 0 hit(s), 0 error(s), 3 left on base; Houston 0 - Hialeah 4
TOP OF THE 5TH
Houston BC batting - Pitching for Hialeah Dodos : LHP Travis Grant
Batting: RHB Alfredo Rivera 0-0: Ball
1-0: Ball
2-0: Fly out, F8 (Flyball, 8RM)
Batting: RHB Marvin Hayes 0-0: Ball
1-0: Fly out, F8 (Flyball, 89D)
Batting: RHB Dennis Morrow 0-0: Called Strike
0-1: Ball
1-1: Hit by Pitch
Batting: RHB León Cabrera 0-0: Ball
1-0: Called Strike
1-1: Ball
2-1: Ball
3-1: Foul Ball, location: 2F
3-2: SINGLE (Groundball, 13) (infield hit)
Dennis Morrow to second
Batting: LHB Manuel García 0-0: Foul Ball, location: 2F
0-1: Called Strike
0-2: Foul Ball, location: 2F
0-2: SINGLE (Flyball, 89M)
Dennis Morrow to third
León Cabrera to second
Batting: RHB Habbo Allaart 0-0: Hit by Pitch
Dennis Morrow scores
León Cabrera to third
Manuel García to second
Batting: RHB Jorge Quezada 0-0: Foul Ball, location: 2F
0-1: Ball
1-1: Foul Ball, location: 2F
1-2: Strikes out swinging
Top of the 5th over - 1 run(s), 2 hit(s), 0 error(s), 3 left on base; Houston 1 - Hialeah 4
BOTTOM OF THE 5TH
Hialeah Dodos batting - Pitching for Houston BC : RHP Shawn Williams
Batting: LHB Perry Bothof 0-0: Ground out 6-3 (Groundball, 6)
Batting: LHB Álex Burgos 0-0: Called Strike
0-1: Ball
1-1: Foul Ball, location: 2F
1-2: Foul Ball, location: 2F
1-2: Foul Ball, location: 2F
1-2: Strikes out swinging
Batting: RHB Javier Santos 0-0: Ball
1-0: Reached on error, E4 (Groundball, 34)
Batting: RHB Vincente Rotham 0-0: Called Strike
0-1: Ball
1-1: Ball
2-1: Foul Ball, location: 2F
2-2: Foul Ball, location: 2F
2-2: Ball
3-2: Ground out 4-3 (Groundball, 4)
Bottom of the 5th over - 0 run(s), 0 hit(s), 1 error(s), 1 left on base; Houston 1 - Hialeah 4
TOP OF THE 6TH
Houston BC batting - Pitching for Hialeah Dodos : LHP Travis Grant
Batting: RHB Craig Stewart 0-0: Ground out 4-3 (Groundball, 13)
Batting: RHB Albert Delgado 0-0: Called Strike
0-1: Ball
1-1: Ball
2-1: Foul Ball, location: 2F
2-2: Ball
3-2: Foul Ball, location: 2F
3-2: Strikes out looking
Batting: RHB Alfredo Rivera 0-0: Called Strike
0-1: Ball
1-1: Foul Ball, location: 2F
1-2: Foul Ball, location: 2F
1-2: Ball
2-2: Ball
3-2: Foul Ball, location: 2F
3-2: Foul Ball, location: 2F
3-2: Base on Balls
Batting: RHB Marvin Hayes 0-0: Ball
1-0: Called Strike
1-1: Fly out, F8 (Flyball, 8LM)
Top of the 6th over - 0 run(s), 0 hit(s), 0 error(s), 1 left on base; Houston 1 - Hialeah 4
BOTTOM OF THE 6TH
Hialeah Dodos batting - Pitching for Houston BC : RHP Shawn Williams
Batting: RHB Diego Bonilla 0-0: Ball
1-0: Called Strike
1-1: Swinging Strike
1-2: SINGLE (Groundball, 4MD)
Pitching: RHP Colm Soto
Batting: LHB Alfonso Núñez 0-0: Bunted foul
0-1: Bunt missed!
0-2: Ball
1-2: Foul Ball, location: 2F
1-2: Ball
2-2: SINGLE (Line Drive, 4M)
Diego Bonilla to second
Batting: LHB Jeff Rutherford 0-0: Ball
1-0: Ball
2-0: Ball
3-0: Called Strike
3-1: Base on Balls
Diego Bonilla to third
Alfonso Núñez to second
Batting: RHB Alexis Smeddon 0-0: Swinging Strike
0-1: Foul Ball, location: 2F
0-2: Ball
1-2: Ball
2-2: Strikes out looking
Batting: LHB Raúl Aguirre 0-0: Called Strike
0-1: GRAND SLAM HOME RUN (Flyball, 9LD), Distance : 349 ft
Pitching: RHP António Ybarra
Batting: LHB Perry Bothof 0-0: Fly out, F3 (Popup, 23F)
Batting: LHB Álex Burgos 0-0: Ball
1-0: Ball
2-0: Called Strike
2-1: Fly out, F7 (Flyball, 7D)
Bottom of the 6th over - 4 run(s), 3 hit(s), 0 error(s), 0 left on base; Houston 1 - Hialeah 8
TOP OF THE 7TH
Houston BC batting - Pitching for Hialeah Dodos : LHP Travis Grant
Batting: RHB Dennis Morrow 0-0: Ball
1-0: DOUBLE (Groundball, 5L)
Batting: RHB León Cabrera 0-0: Ball
1-0: Ball
2-0: Ball
3-0: Base on Balls
Pitching: RHP Jim Unknown
Batting: LHB Manuel García 0-0: Called Strike
0-1: Ball
1-1: Ball
2-1: Called Strike
2-2: Foul Ball, location: 2F
2-2: Foul Ball, location: 2F
2-2: Strikes out swinging
Batting: RHB Habbo Allaart 0-0: Fly out, F3 (Popup, 4S)
Batting: RHB Jorge Quezada 0-0: Ball
1-0: Foul Ball, location: 2F
1-1: Foul Ball, location: 2F
1-2: Foul Ball, location: 2F
1-2: Ground out 5-3 (Groundball, 56S)
Top of the 7th over - 0 run(s), 1 hit(s), 0 error(s), 2 left on base; Houston 1 - Hialeah 8
BOTTOM OF THE 7TH
Hialeah Dodos batting - Pitching for Houston BC : RHP António Ybarra
Batting: RHB Javier Santos 0-0: Called Strike
0-1: Swinging Strike
0-2: Strikes out swinging
Batting: RHB Vincente Rotham 0-0: Ball
1-0: Ground out 4-3 (Groundball, 13)
Batting: RHB Diego Bonilla 0-0: SINGLE (Groundball, 4MD)
Batting: LHB Alfonso Núñez 0-0: Ball
1-0: Ball
2-0: SINGLE (Line Drive, 89M)
Diego Bonilla to second
Batting: LHB Jeff Rutherford 0-0: Ball
Wild Pitch!
Diego Bonilla to third
Alfonso Núñez to second
1-0: Fly out, F7 (Flyball, 7LM)
Bottom of the 7th over - 0 run(s), 2 hit(s), 0 error(s), 2 left on base; Houston 1 - Hialeah 8
TOP OF THE 8TH
Houston BC batting - Pitching for Hialeah Dodos : RHP Jim Unknown
Now in RF: Steve McLeod
Batting: RHB Craig Stewart 0-0: SINGLE (Groundball, 6MD)
Batting: RHB Albert Delgado 0-0: Ball
1-0: Swinging Strike
1-1: Ball
2-1: Grounds into double play, 4-6-3 (Groundball, 4)
Batting: RHB Alfredo Rivera 0-0: Fly out, F6 (Line Drive, 6M)
Top of the 8th over - 0 run(s), 1 hit(s), 0 error(s), 0 left on base; Houston 1 - Hialeah 8
BOTTOM OF THE 8TH
Hialeah Dodos batting - Pitching for Houston BC : RHP António Ybarra
Batting: RHB Alexis Smeddon 0-0: SINGLE (Groundball, 6S)
Batting: LHB Raúl Aguirre 0-0: Foul Ball, location: 2F
0-1: Called Strike
0-2: Ball
1-2: Ball
2-2: Foul Ball, location: 2F
2-2: SINGLE (Line Drive, 8RS)
Alexis Smeddon to second
Batting: LHB Perry Bothof 0-0: Ball
1-0: Ball
2-0: Foul Ball, location: 2F
2-1: Ball
3-1: Called Strike
3-2: Base on Balls
Alexis Smeddon to third
Raúl Aguirre to second
Batting: LHB Álex Burgos 0-0: Foul Ball, location: 2F
0-1: SINGLE (Groundball, 15) (infield hit)
Alexis Smeddon scores
Raúl Aguirre to third
Perry Bothof to second
Batting: RHB Javier Santos 0-0: Ball
1-0: Foul Ball, location: 2F
1-1: Fielders Choice at 2nd, U6 (Groundball, 6M)
Raúl Aguirre scores
Perry Bothof to third
Batting: RHB Vincente Rotham 0-0: SINGLE (Flyball, 4MD)
Perry Bothof scores
Javier Santos to second
Batting: RHB Diego Bonilla 0-0: Ball
1-0: Ball
2-0: Swinging Strike
2-1: Foul Ball, location: 2F
2-2: Ball
3-2: Base on Balls
Javier Santos to third
Vincente Rotham to second
Batting: RHB Steve McLeod 0-0: Foul Ball, location: 2F
0-1: SINGLE (Line Drive, 8LS)
Javier Santos scores
Vincente Rotham to third
Diego Bonilla to second
Runner from 3rd tries for Home, SAFE, no throw or cutoff
Pitching: LHP Loren Beckham
Batting: LHB Jeff Rutherford 0-0: Foul Ball, location: 2F
0-1: Swinging Strike
0-2: Ball
1-2: Foul Ball, location: 2F
1-2: Ground out 3-1 (Groundball, 34)
Diego Bonilla to third
Steve McLeod to second
Batting: RHB Alexis Smeddon 0-0: SINGLE (Groundball, 6S) (infield hit)
Diego Bonilla scores
Steve McLeod to third
Batting: LHB Raúl Aguirre 0-0: Foul Ball, location: 2F
0-1: Ground out U3 (Groundball, 3L)
Bottom of the 8th over - 6 run(s), 6 hit(s), 0 error(s), 2 left on base; Houston 1 - Hialeah 14
TOP OF THE 9TH
Houston BC batting - Pitching for Hialeah Dodos : RHP Jim Unknown
Now at 1B: Ji-chol Yang
Batting: RHB Marvin Hayes 0-0: Foul Ball, location: 2F
0-1: Ground out 5-3 (Groundball, 5S)
Batting: RHB Dennis Morrow 0-0: Foul Ball, location: 2F
0-1: Ball
1-1: Called Strike
1-2: Ball
2-2: Fly out, F7 (Flyball, 78M)
Batting: RHB León Cabrera 0-0: Ball
1-0: Swinging Strike
1-1: Ball
2-1: SINGLE (Line Drive, 89S)
Batting: LHB Manuel García 0-0: Ball
1-0: Foul Ball, location: 2F
1-1: Ball
2-1: Foul Ball, location: 2F
2-2: Strikes out swinging
Top of the 9th over - 0 run(s), 1 hit(s), 0 error(s), 1 left on base; Houston 1 - Hialeah 14
This league is powered by Out of the Park Baseball, the baseball management simulation game for PC, Mac and Linux
Monday, October 3rd, 2016 - OOTP Baseball 16.9 Build 39